 Dungeon Crawl Stone Soup version 0.21.1-1-g345015f (webtiles) character file.

1423 tidbits the Grave Robber (level 8, 58/58 HPs)
             Began as a Gnoll Necromancer on June 16, 2018.
             Quit the game on level 5 of the Dungeon.
             The game lasted 00:17:03 (1394 turns).

tidbits the Grave Robber (Gnoll Necromancer)        Turns: 1394, Time: 00:17:04

Health: 58/58      AC:  2    Str: 11    XL:     8   Next: 72%
Magic:  17/17      EV: 15    Int: 24    God:
Gold:   74         SH:  0    Dex: 15    Spells: 6/19 levels left

rFire    . . .     SeeInvis .   a - +0 rapier
rCold    . . .     Gourm    .   (no shield)
rNeg     . . .     Faith    .   u - +0 robe
rPois    .         Spirit   .   (no helmet)
rElec    .         Reflect  .   (no cloak)
rCorr    .         Harm     .   (no gloves)
MR       .....                  (no boots)
Stlth    +++.......             (no amulet)
HPRegen  0.19/turn              i - +4 ring of intelligence
MPRegen  0.15/turn              (no ring)

@: no status effects
A: distributed training, fangs 1, strong nose
a: no special abilities


You were on level 5 of the Dungeon.
You were not hungry.

You visited 1 branch of the dungeon, and saw 7 of its levels.
You also visited: Sewer.

You collected 236 gold pieces.
You spent 162 gold pieces at shops.

Inventory:

Hand Weapons
 a - a +0 rapier (weapon)
 e - a +0 whip
 r - a +0 battleaxe
 A - a +2 hand crossbow of velocity
   (You found it on level 7 of the Dungeon)
 C - a +0 blowgun
Missiles
 l - 27 bolts
 y - 14 arrows
Armour
 u - a +0 robe (worn)
Jewellery
 i - a +4 ring of intelligence (left hand)
   (You found it on level 1 of the Dungeon)
 n - an uncursed ring of ice
   (You found it on level 2 of the Dungeon)
 p - an uncursed ring of fire
   (You found it on level 2 of the Dungeon)
Wands
 g - a wand of digging (20)
 v - a wand of random effects (6)
 z - a wand of iceblast (7)
Scrolls
 d - a scroll of fear
 m - 2 scrolls of blinking
 q - 2 scrolls of teleportation
 s - a scroll of enchant armour
 t - 3 scrolls of remove curse
Potions
 f - a potion of flight
 h - a potion of agility {unknown}
 k - 2 potions of might {unknown}
 o - a potion of ambrosia {unknown}
 w - 2 potions of curing
 x - a potion of haste {unknown}
 B - a potion of magic {unknown}
 D - a potion of cancellation {unknown}
 E - a potion of lignification
Books
 b - a book of Necromancy

   Spells                             Type                      Level
   a - Pain                           Necromancy                   1
   b - Animate Skeleton               Necromancy                   1
   c - Vampiric Draining              Necromancy                   3
   d - Regeneration                   Charms/Necromancy            3
   e - Animate Dead                   Necromancy                   4
   f - Borgnjor's Vile Clutch         Necromancy/Earth             5
Comestibles
 c - 10 rations


   Skills:
 + Level 3.4 Fighting
 + Level 3.4 Short Blades
 + Level 3.4 Long Blades
 + Level 3.4 Axes
 + Level 3.4 Maces & Flails
 + Level 3.4 Polearms
 + Level 3.4 Staves
 + Level 3.4 Slings
 + Level 3.4 Bows
 + Level 3.4 Crossbows
 + Level 3.4 Throwing
 + Level 3.4 Armour
 + Level 5.8 Dodging
 + Level 5.5 Stealth
 + Level 3.4 Shields
 + Level 3.4 Unarmed Combat
 + Level 6.1 Spellcasting
 + Level 2.8 Conjurations
 + Level 2.8 Hexes
 + Level 2.8 Charms
 + Level 2.8 Summonings
 + Level 7.7 Necromancy
 + Level 2.8 Translocations
 + Level 2.8 Transmutations
 + Level 2.8 Fire Magic
 + Level 2.8 Ice Magic
 + Level 2.8 Air Magic
 + Level 2.8 Earth Magic
 + Level 2.8 Poison Magic
 + Level 3.8 Invocations
 + Level 3.4 Evocations


You had 6 spell levels left.
You knew the following spells:

 Your Spells              Type           Power        Failure   Level  Hunger
a - Pain                  Necr           ####         1%          1    None
d - Vampiric Draining     Necr           #####.....   1%          3    #......
n - Animate Skeleton      Necr           N/A          1%          1    None
r - Regeneration          Chrm/Necr      ####......   2%          3    #......
v - Borgnjor's Vile Clut  Necr/Erth      ####......   24%         5    #####..


Dungeon Overview and Level Annotations

Branches:
Dungeon (7/15)
 Temple: D:4-7

Altars:
Qazlal
Uskayaw
Vehumet

Shops:
D:4 *

Annotations:
D:4 Eustachio
D:5 manyhoops's ghost, novice GnWn


Innate Abilities, Weirdness & Mutations

Your experience applies equally to all skills.
You have very sharp teeth.
Your uncanny sense of smell can sniff out nearby items.


Message History

Press: ? - help, Dir - move target cursor, f - orc
Aim: an orc, wielding a flail and wearing a scale mail (moderately wounded) Decaying hands burst forth from the earth!
Zombie hands grab the orc.
Zombie hands grab the worker ant.
Zombie hands grab the quokka.
The zombie hands constrict the worker ant.
The zombie hands constrict the orc.
You kill the orc!
The zombie hands constrict the quokka.
You kill the quokka!
The worker ant misses you.
Unknown command.
You hit the worker ant but do no damage.
The worker ant is moderately wounded.
The zombie hands constrict the worker ant!
You kill the worker ant!
Things that are here:
a flail; a scale mail An adder zombie comes into view.
You puncture the adder zombie!
The adder zombie is moderately damaged.
The adder zombie bites you.
You closely miss the adder zombie.
The adder zombie is moderately damaged.
The adder zombie completely misses you.
You hit the adder zombie.
The adder zombie is heavily damaged.
The adder zombie bites you.
You puncture the adder zombie!
The adder zombie is almost destroyed.
The adder zombie misses you.
You barely miss the adder zombie.
The adder zombie is almost destroyed.
The adder zombie bites you but does no damage.
The adder zombie barely misses you.
You hit the adder zombie.
You destroy the adder zombie!
Found a potion of lignification.
Unknown command.
A howler monkey skeleton comes into view.
You see here a potion of lignification.
E - a potion of lignification You puncture the howler monkey skeleton!
The howler monkey skeleton is moderately damaged.
The howler monkey skeleton closely misses you.
You puncture the howler monkey skeleton!
The howler monkey skeleton is severely damaged.
The howler monkey skeleton hits you.
You puncture the howler monkey skeleton!
You destroy the howler monkey skeleton!
Found a stone staircase leading up.
There is a stone staircase leading up here.
You climb upwards.
Level annotation: Eustachio
There is a stone staircase leading down here.
Unknown command.
Found a flail.
Found 13 stones.
Found a radiant altar of Vehumet.
There is an open door here.
Unknown command.
You see here 13 stones.
Unknown command.
Unknown command.
Okay, then.
As you read the scroll labeled POACUE TAZOWN, it crumbles to dust.
You feel blessed for a moment.
It was a scroll of remove curse.
As you read the scroll labeled LEYSTA FUWEHI, it crumbles to dust.
It is a scroll of identify.
s - a scroll of enchant armour
As you read the scroll of identify, it crumbles to dust.
q - 2 scrolls of teleportation
As you read the scroll of identify, it crumbles to dust.
m - 2 scrolls of blinking
As you read the scroll of identify, it crumbles to dust.
d - a scroll of fear
As you read the scroll of identify, it crumbles to dust.
h - a scroll of magic mapping
As you read the scroll of magic mapping, it crumbles to dust.
You feel aware of your surroundings.
Unknown command.
You see here 13 stones.
There is a stone staircase leading down here.
You climb downwards.
There is a stone staircase leading up here.
Unknown command.
Okay, then.
Found a silvery potion.
You see here a silvery potion.
h - a silvery potion Manyhoops's ghost (novice Gnoll Wanderer) comes into view.
It is wielding a weapon of pain.
Manyhoops's ghost turns its malevolent gaze towards you.
Manyhoops's ghost moves out of view.
Are you sure you want to abandon this character and quit the game? (Confirm with "yes".)
Okay, then.
Unknown command.
Unknown command.
Unknown command.
Unknown command.
Are you sure you want to abandon this character and quit the game? (Confirm with "yes".)

#. #.
#..
##..
...#
#..
#.##
#@###
##..##
#
##..##
#.
#...#
##..
##..#
##..#
#.##
##..#
#.#
##..##
#.#
##..##
##.#
##..##


There were no monsters in sight!

Vanquished Creatures
  The ghost of Gaball the Slasher, a novice VSGl of Gozag (D:4)
  Grinder (D:5)
  Prince Ribbit (D:6)
  An ice beast (D:5)
  A sky beast (D:3)
  An ogre (D:7)
  A crocodile (Sewer)
  A big kobold (D:7)
  A hound (D:6)
  A jelly (D:7)
  Natasha (thrice) (D:2)
  3 worker ants
  A hound skeleton (D:4)
  A howler monkey skeleton (D:5)
  8 adders
  A shadow imp (D:4)
  2 oozes
  An adder zombie (D:5)
  A dart slug (D:2)
  4 leopard geckos
  4 orcs
  10 bats
  3 giant cockroaches
  3 hobgoblins
  2 jackals (D:2)
  5 kobolds
  A quokka (D:5)
  4 frilled lizards
  2 goblins (D:1)
  A quokka skeleton (D:6)
  2 rats (D:2)
72 creatures vanquished.

Notes
Turn   | Place    | Note
-------+----------+-------------------------------------------
     0 | D:1      | tidbits the Gnoll Necromancer began the quest for the Orb.
     0 | D:1      | Reached XP level 1. HP: 13/13 MP: 6/6
    72 | D:2      | Noticed Natasha
    75 | D:2      | Noticed a crimson imp
    78 | D:2      | Killed Natasha
    78 | D:2      | Reached skill level 5 in Spellcasting
    78 | D:2      | Reached XP level 2. HP: 10/20 MP: 0/8
    78 | D:2      | Reached XP level 3. HP: 13/25 MP: 0/9
   125 | D:1      | Reached skill level 1 in Invocations
   227 | D:2      | HP: 2/25 [dart slug/slug dart (6)]
   233 | D:2      | Learned a level 3 spell: Regeneration
   236 | D:2      | Learned a level 1 spell: Animate Skeleton
   240 | D:2      | Learned a level 3 spell: Vampiric Draining
   256 | D:2      | Reached skill level 1 in Fighting
   256 | D:2      | Reached skill level 1 in Short Blades
   256 | D:2      | Reached skill level 1 in Long Blades
   256 | D:2      | Reached skill level 1 in Axes
   256 | D:2      | Reached skill level 1 in Maces & Flails
   256 | D:2      | Reached skill level 1 in Polearms
   256 | D:2      | Reached skill level 1 in Staves
   256 | D:2      | Reached skill level 1 in Slings
   256 | D:2      | Reached skill level 1 in Bows
   256 | D:2      | Reached skill level 1 in Crossbows
   256 | D:2      | Reached skill level 1 in Throwing
   256 | D:2      | Reached skill level 1 in Armour
   256 | D:2      | Reached skill level 1 in Shields
   256 | D:2      | Reached skill level 1 in Unarmed Combat
   256 | D:2      | Reached skill level 1 in Evocations
   267 | D:2      | Reached XP level 4. HP: 11/32 MP: 0/11
   273 | D:2      | Noticed Natasha
   279 | D:2      | Killed Natasha
   286 | D:2      | Noticed Natasha
   288 | D:2      | Killed Natasha
   288 | D:2      | Reached skill level 1 in Conjurations
   288 | D:2      | Reached skill level 1 in Hexes
   288 | D:2      | Reached skill level 1 in Charms
   288 | D:2      | Reached skill level 1 in Summonings
   288 | D:2      | Reached skill level 1 in Translocations
   288 | D:2      | Reached skill level 1 in Transmutations
   288 | D:2      | Reached skill level 1 in Fire Magic
   288 | D:2      | Reached skill level 1 in Ice Magic
   288 | D:2      | Reached skill level 1 in Air Magic
   288 | D:2      | Reached skill level 1 in Earth Magic
   288 | D:2      | Reached skill level 1 in Poison Magic
   372 | D:3      | Noticed a sky beast
   379 | D:3      | Killed a sky beast
   379 | D:3      | Reached XP level 5. HP: 31/37 MP: 6/12
   466 | D:2      | Reached XP level 6. HP: 12/44 MP: 2/13
   484 | D:4      | Noticed Gaball's ghost (novice VSGl)
   492 | D:4      | Reached skill level 2 in Invocations
   500 | D:4      | Killed Gaball's ghost
   500 | D:4      | Reached skill level 2 in Fighting
   500 | D:4      | Reached skill level 2 in Short Blades
   500 | D:4      | Reached skill level 2 in Long Blades
   500 | D:4      | Reached skill level 2 in Axes
   500 | D:4      | Reached skill level 2 in Maces & Flails
   500 | D:4      | Reached skill level 2 in Polearms
   500 | D:4      | Reached skill level 2 in Staves
   500 | D:4      | Reached skill level 2 in Slings
   500 | D:4      | Reached skill level 2 in Bows
   500 | D:4      | Reached skill level 2 in Crossbows
   500 | D:4      | Reached skill level 2 in Throwing
   500 | D:4      | Reached skill level 2 in Armour
   500 | D:4      | Reached skill level 5 in Dodging
   500 | D:4      | Reached skill level 2 in Shields
   500 | D:4      | Reached skill level 2 in Unarmed Combat
   500 | D:4      | Reached skill level 2 in Evocations
   500 | D:4      | Reached XP level 7. HP: 19/50 MP: 3/15
   530 | D:4      | Noticed Eustachio
   570 | D:4      | Learned a level 5 spell: Borgnjor's Vile Clutch
   588 | D:4      | Found a glowing drain.
   593 | D:5      | Entered Level 5 of the Dungeon
   593 | D:5      | Noticed Grinder
   599 | D:5      | Killed Grinder
   599 | D:5      | Reached skill level 2 in Conjurations
   599 | D:5      | Reached skill level 2 in Hexes
   599 | D:5      | Reached skill level 2 in Charms
   599 | D:5      | Reached skill level 2 in Summonings
   599 | D:5      | Reached skill level 2 in Translocations
   599 | D:5      | Reached skill level 2 in Transmutations
   599 | D:5      | Reached skill level 2 in Fire Magic
   599 | D:5      | Reached skill level 2 in Ice Magic
   599 | D:5      | Reached skill level 2 in Air Magic
   599 | D:5      | Reached skill level 2 in Earth Magic
   599 | D:5      | Reached skill level 2 in Poison Magic
   615 | D:4      | Reached skill level 5 in Stealth
   637 | Sewer    | Entered a sewer
   679 | Sewer    | Reached skill level 3 in Invocations
   771 | D:4      | Found Qouck's Assorted Antiques.
   781 | D:4      | Bought a forked gold wand for 108 gold pieces
   781 | D:4      | Bought a scroll labeled YFODDUOKIS for 27 gold pieces
   781 | D:4      | Bought a scroll labeled LEYSTA FUWEHI for 27 gold pieces
   799 | D:5      | Reached XP level 8. HP: 37/57 MP: 7/16
   919 | D:6      | Noticed Prince Ribbit
   926 | D:6      | Killed Prince Ribbit
   926 | D:6      | Reached skill level 3 in Fighting
   926 | D:6      | Reached skill level 3 in Short Blades
   926 | D:6      | Reached skill level 3 in Long Blades
   926 | D:6      | Reached skill level 3 in Axes
   926 | D:6      | Reached skill level 3 in Maces & Flails
   926 | D:6      | Reached skill level 3 in Polearms
   926 | D:6      | Reached skill level 3 in Staves
   926 | D:6      | Reached skill level 3 in Slings
   926 | D:6      | Reached skill level 3 in Bows
   926 | D:6      | Reached skill level 3 in Crossbows
   926 | D:6      | Reached skill level 3 in Throwing
   926 | D:6      | Reached skill level 3 in Armour
   926 | D:6      | Reached skill level 3 in Shields
   926 | D:6      | Reached skill level 3 in Unarmed Combat
   926 | D:6      | Reached skill level 6 in Spellcasting
   926 | D:6      | Reached skill level 3 in Evocations
   956 | D:7      | Found a hide-covered altar of Uskayaw.
  1033 | D:7      | Found a stormy altar of Qazlal.
  1034 | D:7      | Noticed a water elemental
  1034 | D:7      | Noticed an air elemental
  1299 | D:4      | Found a radiant altar of Vehumet.
  1393 | D:5      | Noticed manyhoops's ghost (novice GnWn)
  1394 | D:5      | Quit the game

Skill      XL: |  1  2  3  4  5  6  7  8 |
---------------+-------------------------+-----
Spellcasting   | 5 6 |  6.1
Invocations    | 1 2 3 |  3.8
Fighting       | 1 2 3 |  3.4
Short Blades   | 1 2 3 |  3.4
Long Blades    | 1 2 3 |  3.4
Axes           | 1 2 3 |  3.4
Maces & Flails | 1 2 3 |  3.4
Polearms       | 1 2 3 |  3.4
Staves         | 1 2 3 |  3.4
Slings         | 1 2 3 |  3.4
Bows           | 1 2 3 |  3.4
Crossbows      | 1 2 3 |  3.4
Throwing       | 1 2 3 |  3.4
Armour         | 1 2 3 |  3.4
Shields        | 1 2 3 |  3.4
Unarmed Combat | 1 2 3 |  3.4
Evocations     | 1 2 3 |  3.4
Conjurations   | 1 2 |  2.8
Hexes          | 1 2 |  2.8
Charms         | 1 2 |  2.8
Summonings     | 1 2 |  2.8
Translocations | 1 2 |  2.8
Transmutations | 1 2 |  2.8
Fire Magic     | 1 2 |  2.8
Ice Magic      | 1 2 |  2.8
Air Magic      | 1 2 |  2.8
Earth Magic    | 1 2 |  2.8
Poison Magic   | 1 2 |  2.8
Dodging        | 5 |  5.8
Stealth        | 5 |  5.5
Necromancy     | |  7.7

Action                   |  1- 3 |  4- 6 |  7- 9 || total
-------------------------+-------+-------+-------++-------
Melee: Whip              |    18 |       |       ||    18
       Rapier            |     2 |    19 |    79 ||   100
       Bite              |     2 |     1 |     6 ||     9
       Unarmed           |       |     2 |       ||     2
 Cast: Pain              |    27 |    19 |    27 ||    73
       Regeneration      |     1 |     3 |     7 ||    11
       Borgnjor's Vile C |       |       |     5 ||     5
       Vampiric Draining |       |       |     2 ||     2
Evoke: Wand              |       |    10 |       ||    10
  Use: Potion            |     1 |     3 |       ||     4
       Scroll            |       |       |     7 ||     7
 Stab: Sleeping          |       |       |     9 ||     9
  Eat: Chunk             |       |       |     1 ||     1
       Ration            |       |       |     1 ||     1
Armor: Robe              |     4 |     5 |    23 ||    32
       Skin              |       |     4 |       ||     4
Dodge: Dodged            |    25 |    30 |    97 ||   152

Table legend:
 A = Turns spent in this place as a percentage of turns spent in the entire game.
 B = Non-inter-level travel turns spent in this place as a percentage of non-inter-level travel turns spent in the entire game.
 C = Inter-level travel turns spent in this place as a percentage of turns spent in this place.
 D = Turns resting spent in this place as a percentage of non-inter-level travel turns spent in this place.
 E = Turns spent auto-exploring this place as a percentage of non-inter-level travel turns spent in this place.
 F = Non-inter-level travel turns spent in this place divided by the number of levels of this place that you've seen.
                   A       B       C       D       E      F
               +-------+-------+-------+-------+-------+----------------------
         Total | 100.0 | 100.0 |   1.7 |   0.0 |   0.0 | 171.2
       Dungeon |  93.8 |  93.6 |   1.8 |   0.0 |   0.0 | 183.3
         Sewer |   6.2 |   6.4 |   0.0 |   0.0 |   0.0 |  87.0
               +-------+-------+-------+-------+-------+----------------------

Table legend:
 A = Kills in this place as a percentage of kills in entire the game.
 B = Kills by you in this place as a percentage of kills by you in the entire game.
 C = Kills by friends in this place as a percentage of kills by friends in the entire game.
 D = Other kills in this place as a percentage of other kills in the entire game.
 E = Experience gained in this place as a percentage of experience gained in the entire game.
 F = Experience gained in this place divided by the number of levels of this place that you have seen.
                   A       B       C       D       E      F
               +-------+-------+-------+-------+-------+----------------------
         Total | 100.0 | 100.0 |   N/A |   N/A | 100.0 | 254.2
       Dungeon |  91.7 |  91.7 |   N/A |   N/A |  94.2 | 273.7
         Sewer |   8.3 |   8.3 |   N/A |   N/A |   5.8 | 118.0
               +-------+-------+-------+-------+-------+----------------------

Vault maps used:
D:1:      dpeg_arrival_water_temple_mockup, minmay_misc_feat_rows
D:2:      first_ration, uniq_natasha
D:3:      trog_hazing_becter, uniq_ijyb
D:4:      lemuel_doored_altar, gup_sewer_entry_glass, serial_shops, shop,
          uniq_eustachio
D:5:      nicolae_overflow_crystal_walls, minmay_temple_entry_butterflies,
          uniq_grinder
D:6:      evilmike_ruin_ashenzari, uniq_prince_ribbit1
D:7:      nicolae_qazlal_style_of_elements, eat_drink_and_be_merry_uskayaw,
          grunt_livestock, st_stairs_9
Sewer:    sewer_big_baddie
